 Dungeon Crawl Stone Soup version 0.31-a0-277-g31ea1f65cc (webtiles) character file.

Game seed: 2455578724612340855

163922 Apogee the Warrior (level 16, -4/159 (162) HPs)
             Began as a Minotaur Berserker on July 15, 2023.
             Was the Champion of Trog.
             Killed from afar by a jorogumo (9 damage)
             ... with a bolt of negative energy
             ... on level 1 of the Spider Nest.
             The game lasted 00:59:15 (31639 turns).

Apogee the Warrior (Minotaur Berserker)            Turns: 31639, Time: 00:59:16

HP:   -4/159 (162)  AC: 21    Str: 25      XL:     16   Next: 99%
MP:   0/13          EV:  7    Int:  5 (6)  God:    Trog [******]
Gold: 2315          SH:  0    Dex: 11      Spells: 15/15 levels left

rFire   . . .        a - +7 trident of Yghuecw {flame, rPois rC+ Int-2}
rCold   + + .        r - +0 kite shield {reflect}
rNeg    . . .        Q - +2 chain mail {rC+}
rPois   +            c - +0 hat {Will+}
rElec   .            (no cloak)
rCorr   .            h - +3 pair of gauntlets of War {Slay+5}
SInv    .            (no boots)
Will    +++..        e - amulet of guardian spirit Stlth
                     k - ring of willpower
HPRegen 0.46/turn    g - +4 ring of protection
MPRegen 0.13/turn

%: reflection, guardian spirit
@: corroded, on berserk cooldown, held, slowed, lightly drained, very slow
A: horns 2, retaliatory headbutt, low MP 1
}: 1/15 runes: decaying
a: Renounce Religion, Berserk, Trog's Hand, Brothers in Arms


You were on level 1 of the Spider Nest.
You worshipped Trog.
Trog was exalted by your worship.
You visited 5 branches of the dungeon, and saw 27 of its levels.
You also visited: Sewer and Ossuary.

You collected 3236 gold pieces.
You spent 921 gold pieces at shops.

Inventory:

Hand Weapons
 a - the +7 trident of Yghuecw (weapon) {flame, rPois rC+ Int-2}
   (You found it on level 3 of the Dungeon)

   Int:       It affects your intelligence (-2).
   rC:        It protects you from cold.
   rPois:     It protects you from poison.
 b - a +3 antimagic halberd
   (Trog gifted it to you on level 2 of the Lair of Beasts)
 P - a +5 heavy demon trident
   (Trog gifted it to you on level 2 of the Orcish Mines)
Missiles
 d - 3 throwing nets {!f}
 m - 184 stones
Armour
 c - a +0 hat of willpower (worn)
   (You took it off Gastronok on level 1 of the Lair of Beasts)
 h - the +3 pair of gauntlets of War (worn) {Slay+5}
   (You bought it in a shop on level 2 of the Orcish Mines)

   Slay:      It affects your accuracy & damage with ranged weapons and melee
   (+5).
 q - a +0 robe
   (You took it off a spriggan druid on level 4 of the Swamp)
 r - a +0 kite shield of reflection (worn)
   (You took it off Donald on level 2 of the Orcish Mines)
 s - the +0 leather armour "Ecosy" {rF+}
   (You found it on level 3 of the Dungeon)

   rF:        It protects you from fire.
 v - a +0 robe
   (You took it off a spriggan on level 4 of the Swamp)
 C - a +0 robe
   (You took it off a spriggan druid on level 4 of the Swamp)
 E - +0 ice dragon scales
   (You found it on level 4 of the Swamp)
 Q - a +2 chain mail of cold resistance (worn)
   (You took it off an orc warrior on level 8 of the Dungeon)
Jewellery
 e - an amulet of guardian spirit (around neck)
   (You found it on level 2 of the Lair of Beasts)
 g - a +4 ring of protection (right hand)
   (You found it on level 4 of the Dungeon)
 i - a +6 ring of intelligence
   (You found it on level 3 of the Lair of Beasts)
 k - a ring of willpower (left hand)
   (You found it on level 1 of the Dungeon)
 o - a ring of protection from cold
   (You found it on level 2 of the Lair of Beasts)
 z - a ring of see invisible
   (You found it on level 2 of the Dungeon)
 I - an amulet of reflection
   (You found it on level 1 of the Spider Nest)
Wands
 t - a wand of flame (42)
   (You found it on level 1 of the Swamp)
 u - a wand of paralysis (26)
   (You took it off Psyche on level 9 of the Dungeon)
 x - a wand of acid (11)
   (You found it on level 6 of the Dungeon)
 D - a wand of roots (12)
   (You took it off Erica on level 1 of the Lair of Beasts)
 H - a wand of polymorph (22)
   (You found it on level 5 of the Dungeon)
Scrolls
 f - a scroll of blinking
 l - 16 scrolls of identify {@r1}
 p - 8 scrolls of teleportation {@r4}
 y - 2 scrolls of immolation {!r}
 A - 2 scrolls of enchant weapon
 B - 2 scrolls of brand weapon
 L - 3 scrolls of enchant armour
 R - a scroll of summoning
 S - 4 scrolls of poison
Potions
 j - a potion of lignification {!q}
 n - a potion of ambrosia
 w - 2 potions of curing {@q1}
 F - a potion of might
 G - a potion of haste {@q3}
 N - 3 potions of resistance
 T - 2 potions of enlightenment {unknown}
 V - 2 potions of cancellation
 W - 3 potions of heal wounds {@q2}


   Skills:
 + Level 19.8 Fighting
 - Level 5.6(10.4) Axes
 - Level 13.5(14.0) Polearms
 - Level 7.0 Throwing
 + Level 18.4 Armour
 - Level 15.5 Dodging
 * Level 11.6 Shields


You had 15 spell levels left.
You didn't know any spells.
Your spell library was empty.

Dungeon Overview and Level Annotations

Branches:
Dungeon (15/15) Temple (0/1) D:5 Lair (5/5) D:9 Swamp (4/4) Lair:3 Spider (1/4) Lair:2 Slime (0/5) Lair:5 Orc (2/2) D:12 Elf (0/3) Orc:2 Vaults (0/5) D:13 D:14 Depths (0/4) D:15 Sewer (visited) Ossuary (visited)

Altars:
Elyvilon
Fedhas
Hepliaklqana
Nemelex Xobeh
Okawaru
Trog
Uskayaw
Wu Jian
Jiyva

Shops:
D:7 [   D:10 *   Orc:2 ?(*:[

Annotations:
D:5 2 runed translucent doors, Flippered's ghost, novice DjHW
D:6 1 runed translucent door, Crazy Yiuf
D:7 1 runed translucent door
Lair:4 2 transporters
Lair:5 2 transporters, Aldia's ghost, journeyman TrCK
Swamp:1 3 runed translucent doors, Gakh's ghost, journeyman DrAr


Innate Abilities, Weirdness & Mutations

You have a pair of horns on your head.
You reflexively headbutt those who attack you in melee.
Your magical capacity is low. (-10% MP)


Message History

* * * LOW HITPOINT WARNING * * *
Deactivating autopickup; reactivate with Ctrl-A.
Something hits you but does no damage.
Something stings you but does no damage.
Unknown command.
Reach: a) +7 trident of Yghuecw {flame, rPois rC+ Int-2}
Press: ? - help, Dir - move target, f - entropy weaver, p - moth of wrath
Aim: an entropy weaver (about 28% to evade the +7 trident of Yghuecw)
The moth of wrath is in the way.
You puncture the moth of wrath! You burn the moth of wrath.
Reach: a) +7 trident of Yghuecw {flame, rPois rC+ Int-2}
Press: ? - help, Dir - move target, f/p - entropy weaver
Aim: an entropy weaver (about 28% to evade the +7 trident of Yghuecw)
The moth of wrath is in the way.
You puncture the moth of wrath! You burn the moth of wrath.
You headbutt the moth of wrath!! You block the moth of wrath's attack.
You feel you are being watched by something.
Something hits you but does no damage. Something hits you.
* * * LOW HITPOINT WARNING * * *
You feel dopey.
Something stings you but does no damage.
Unknown command.
Reach: a) +7 trident of Yghuecw {flame, rPois rC+ Int-2}
Press: ? - help, Dir - move target, f/p - entropy weaver
Aim: an entropy weaver (about 28% to evade the +7 trident of Yghuecw)
The moth of wrath is in the way.
You completely miss the moth of wrath.
You are no longer berserk.
You are exhausted.
You feel yourself slow down.
A jorogumo comes into view.
The tarantella touches your troll!
Your troll bites the tarantella.
Your troll closely misses the tarantella.
Your troll claws the tarantella!
The jorogumo moves out of view.
Something closely misses you. Something hits you but does no damage.
You block something's attack.
A jumping spider comes into view.
Your troll bites the redback!
Your troll claws the redback. x2
The redback dies!
Trog accepts your kill.
The jorogumo stares at you and mumbles some strange words.
The stream of webbing hits you but does no damage.
You are caught in a web!
Your troll bites the tarantella!!
The tarantella dies!
Trog accepts your kill.
A demonic crawler comes into view.
The jorogumo stares at you and mumbles some strange words.
The bolt of negative energy hits you!
You feel drained.
You die...

#.##.... ..#... ..
# ..#^... .!..##...
# ......##...#....
# #..^#...#...# #
...#......#
#.#.B..### #yB##..#
#...#.#..#
..^....#.@..#
............#
.#####^.....~~H
...##..~~~~s. #.##
.^..~~##. ...
...T##### ########
#. ..#.†.^..
#...#...
ss...°....##?.##...
#..........T..


You could see a jorogumo, an entropy weaver, a demonic crawler, a moth of wrath,
2 jumping spiders and a friendly troll (summoned, berserk).

Vanquished Creatures
  Jorgrun (D:14)
  Kirke (D:12)
  Gastronok (Lair:1)
  Aizul (Swamp:2)
  An orc warlord (Orc:2)
  A broodmother (Lair:2)
  Nessos (D:14)
  7 eleionomae
  Azrael (Orc:2)
  Snorg (D:12)
  19 hydras
  3 ice dragons (Swamp:4)
  Harold (Lair:1)
  A spriggan air mage (Swamp:3)
  Erolcha (Orc:2)
  3 catoblepae (Lair:5)
  A jorogumo (Spider:1)
  Erica (Lair:1)
  A radroach (Lair:2)
  2 ghost crabs
  4 two-headed ogres
  3 boulder beetles
  7 death yaks (Lair:5)
  5 centaur warriors
  Urug (Lair:1)
  5 alligators
  2 tengu warriors (D:15)
  A demonic crawler (Lair:2)
  2 skysharks
  A shock serpent (shapeshifter) (D:15)
  Amaemon (Lair:2)
  5 goliath frogs
  2 orb spiders (Spider:1)
  4 bog bodies
  2 spriggan druids (Swamp:4)
  A swamp dragon (shapeshifter) (D:15)
  6 swamp dragons
  9 orc knights
  4 lindwurms (Lair:4)
  7 wolf spiders
  2 steelbarb worms (Spider:1)
  4 orc sorcerers
  A salamander (D:15)
  4 deep elf pyromancers
  2 manticores
  22 ugly things
  5 will-o-the-wisps
  7 cyclopes
  4 black mambas
  A gargoyle (D:10)
  An orange demon (Lair:2)
  Psyche (D:9)
  18 cane toads
  3 torpor snails (Spider:1)
  An efreet (D:15)
  6 rime drakes
  11 komodo dragons
  5 freezing wraiths
  A yaktaur (D:15)
  6 polar bears
  A bloated husk (Swamp:4)
  2 trolls
  10 tyrant leeches
  7 hornets
  Grinder (D:4)
  8 tarantellas
  4 blink frogs (Lair:2)
  A blink frog (shapeshifter) (D:13)
  2 centaur simulacra
  Sigmund (D:4)
  10 slime creatures
  7 spriggans
  3 jumping spiders (Spider:1)
  2 shadows
  41 yaks
  3 culicivoras (Spider:1)
  A wraith (D:14)
  A steam dragon (D:7)
  16 humans (D:13)
  A fire elemental (Orc:2)
  4 basilisks
  3 swamp worm simulacra (Swamp:4)
  12 redbacks
  3 wargs
  15 vampire mosquitoes
  16 swamp worms
  An acid dragon (D:11)
  14 hydra simulacra (Swamp:4)
  4 hell hounds (Orc:2)
  Pargi (Sewer)
  28 water moccasins
  35 orc warriors
  2 ice beasts
  12 ogres
  A sky beast (D:6)
  A swamp drake (Swamp:2)
  13 black bears
  17 centaurs
  19 wolves
  3 phantoms
  2 kobold brigands
  16 bullfrogs
  4 gnoll sergeants
  14 scorpions
  4 wights (D:5)
  12 killer bees
  An electric eel (Lair:2)
  3 centaur zombies (Ossuary)
  3 gnoll boudas
  4 hounds
  2 jellies
  9 orc priests
  6 hell rats (Lair:4)
  6 iguanas
  4 sleepcaps
  14 orc wizards
  5 mummies (Ossuary)
  15 adders
  20 gnolls
  3 white imps
  An ufetubus (D:7)
  5 swamp drake simulacra (Swamp:4)
  5 worms
  A dart slug (D:5)
  60 orcs
  8 ball pythons
  5 bats
  5 endoplasms
  10 giant cockroaches
  8 goblins
  6 hobgoblins
  11 kobolds
  2 quokkas
  9 frilled lizards
  4 hobgoblin zombies (Ossuary)
  3 rats
842 creatures vanquished.

Vanquished Creatures (collateral kills)
  Donald (Orc:2)
  An orb spider (Spider:1)
  2 manticores (Lair:5)
  3 tarantellas (Spider:1)
  2 culicivoras (Spider:1)
  A yak (Lair:5)
  A redback (Spider:1)
  A swamp worm (Lair:3)
  An orc priest (Orc:2)
  An orc (Orc:2)
14 creatures vanquished.

Vanquished Creatures (others)
  A goliath frog (Swamp:1)
  A will-o-the-wisp (Swamp:4)
  A bloated husk (Swamp:4)
  6 humans (D:12)
  A swamp worm (Swamp:4)
  An orc priest (Orc:2)
  A gnoll (D:12)
  An orc (Orc:2)
  21 foxfires
34 creatures vanquished.

Grand Total: 890 creatures vanquished

Notes
Turn   | Place    | Note
-------+----------+-------------------------------------------
     0 | D:1      | Apogee the Minotaur Berserker began the quest for the Orb.
     0 | D:1      | Reached XP level 1. HP: 19/19 MP: 0/0
   423 | D:1      | Reached XP level 2. HP: 17/27 MP: 1/1
   557 | D:1      | Reached skill level 4 in Fighting
   950 | D:2      | Found an iron altar of Okawaru.
   963 | D:2      | Reached XP level 3. HP: 23/33 MP: 2/2
   979 | D:2      | Reached skill level 5 in Axes
   980 | D:2      | Reached ** piety under Trog
  1174 | D:2      | Reached XP level 4. HP: 22/41 MP: 3/3
  1332 | D:2      | Found a faded altar of an unknown god.
  1930 | D:3      | Identified the +7 trident of Yghuecw {flame, rPois rC+
                  | Int-2}
  2050 | D:3      | Identified the +0 leather armour "Ecosy" {rF+}
  2568 | D:3      | Gained mutation: Your magical capacity is low. (-10% MP)
                  | [potion of mutation]
  2569 | D:3      | Lost intelligence.
  2694 | D:4      | Found an iron altar of Okawaru.
  2709 | D:4      | Noticed Sigmund
  2758 | D:4      | Reached skill level 1 in Polearms
  2769 | D:4      | Noticed a black bear
  2790 | D:4      | Killed a black bear
  2791 | D:4      | Reached skill level 5 in Fighting
  2791 | D:4      | Reached XP level 5. HP: 48/48 MP: 3/3
  2884 | D:4      | Killed Sigmund
  2885 | D:4      | Reached XP level 6. HP: 57/57 MP: 4/4
  2896 | D:4      | Found a blossoming altar of Fedhas.
  2901 | D:4      | Reached skill level 6 in Fighting
  2901 | D:4      | Reached skill level 5 in Polearms
  2942 | D:4      | Noticed Grinder
  2961 | D:4      | Killed Grinder
  2962 | D:4      | Reached XP level 7. HP: 64/64 MP: 5/5
  3300 | D:4      | Found a bloodstained altar of Trog.
  3340 | D:5      | Entered Level 5 of the Dungeon
  3436 | D:5      | Reached skill level 7 in Fighting
  3540 | D:5      | Found a glowing drain.
  3570 | Sewer    | Entered a sewer
  3666 | Sewer    | Noticed Pargi
  3673 | Sewer    | Killed Pargi
  3674 | Sewer    | Reached XP level 8. HP: 59/73 MP: 6/6
  3798 | D:5      | Found a white marble altar of Elyvilon.
  3799 | D:5      | Found a sparkling altar of Nemelex Xobeh.
  3805 | D:5      | Found a hazy altar of Hepliaklqana.
  3870 | D:5      | Found a staircase to the Ecumenical Temple.
  3885 | D:5      | Reached *** piety under Trog
  3982 | D:5      | Found a large runed translucent door.
  3982 | D:5      | Found a large runed translucent door.
  3987 | D:5      | Noticed Flippered's ghost (novice DjHW)
  4025 | D:5      | Reached skill level 8 in Fighting
  4232 | D:5      | Reached skill level 10 in Polearms
  4269 | D:5      | Reached skill level 9 in Fighting
  4269 | D:5      | Reached XP level 9. HP: 83/83 MP: 7/7
  5134 | D:6      | Found a hide-covered altar of Uskayaw.
  5142 | D:6      | Reached **** piety under Trog
  5276 | D:6      | Found a runed translucent door.
  5277 | D:6      | Noticed Crazy Yiuf
  5648 | D:7      | Found Bigehi's Armour Shop.
  5654 | D:7      | Bought a +2 leather armour of cold resistance for 304 gold
                  | pieces
  5691 | D:7      | Found a runed translucent door.
  5694 | D:7      | Found a runed translucent door.
  5705 | D:7      | Reached skill level 10 in Fighting
  6173 | D:7      | Reached XP level 10. HP: 94/94 MP: 8/8
  6399 | D:8      | Found a sand-covered staircase.
  6408 | Ossuary  | Entered an ossuary
  6483 | Ossuary  | Reached ***** piety under Trog
  6620 | D:8      | Found an ornate altar of the Wu Jian Council.
  6663 | D:8      | Reached skill level 11 in Fighting
  7276 | D:9      | Found a staircase to the Lair.
  7291 | D:9      | Reached skill level 12 in Fighting
  7425 | D:9      | Noticed Psyche
  7430 | D:9      | Killed Psyche
  7431 | D:9      | Reached skill level 13 in Fighting
  8092 | Lair:1   | Entered Level 1 of the Lair of Beasts
  8129 | Lair:1   | Noticed Harold
  8153 | Lair:1   | Reached skill level 14 in Fighting
  8179 | Lair:1   | Killed Harold
  8303 | Lair:1   | Reached XP level 11. HP: 111/111 MP: 8/8
  8373 | Lair:1   | Noticed Urug
  8399 | Lair:1   | Killed Urug
  8400 | Lair:1   | Reached skill level 15 in Fighting
  8478 | Lair:1   | Noticed Gastronok
  8503 | Lair:1   | Killed Gastronok
  8580 | Lair:1   | Reached skill level 16 in Fighting
  9016 | Lair:1   | Noticed Erica
  9027 | Lair:1   | Killed Erica
  9276 | Lair:2   | Reached skill level 5 in Armour
  9303 | Lair:2   | Reached skill level 5 in Dodging
  9379 | Lair:2   | Noticed a skyshark
  9391 | Lair:2   | Killed a skyshark
  9588 | Lair:2   | Received a gift from Trog
  9670 | Lair:2   | Noticed Amaemon
  9701 | Lair:2   | Killed Amaemon
  9702 | Lair:2   | Reached XP level 12. HP: 122/122 MP: 9/9
  9822 | Lair:2   | Found a hole to the Spider Nest.
 11034 | Lair:3   | Reached skill level 10 in Armour
 11103 | Lair:3   | Noticed a six-headed hydra
 11112 | Lair:3   | Killed a six-headed hydra
 11380 | Lair:3   | Identified the +8 flail "Uqeebaaf" {heavy, rF+}
 11390 | Lair:3   | Noticed a seven-headed hydra
 11402 | Lair:3   | Killed a seven-headed hydra
 11403 | Lair:3   | Reached skill level 10 in Dodging
 11541 | Lair:3   | Noticed a five-headed hydra
 11547 | Lair:3   | Killed a five-headed hydra
 11712 | Lair:3   | Noticed a seven-headed hydra
 11725 | Lair:3   | Killed a seven-headed hydra
 11745 | Lair:3   | Noticed a six-headed hydra
 12032 | Lair:3   | Killed a six-headed hydra
 12033 | Lair:3   | Reached XP level 13. HP: 99/128 MP: 10/10
 12381 | Lair:3   | Found a staircase to the Swamp.
 12994 | Lair:4   | Identified the +1 ring mail "Wusiri" {rF- rC+ rN+}
 12996 | Lair:4   | Identified the +5 scale mail "Daryenul" {+Inv}
 13012 | Lair:5   | Entered Level 5 of the Lair of Beasts
 13315 | Lair:5   | Noticed Aldia's ghost (journeyman TrCK)
 13820 | Lair:5   | Found a transporter.
 13821 | Lair:5   | Found a bloodstained altar of Trog.
 13933 | Lair:5   | Found a transporter.
 14004 | Lair:5   | Reached skill level 1 in Throwing
 14175 | Lair:5   | Found a viscous altar of Jiyva.
 14250 | Lair:5   | Found a staircase to the Slime Pits.
 14641 | Lair:4   | Found a transporter.
 14643 | Lair:4   | Reached XP level 14. HP: 137/137 MP: 11/11
 14671 | Lair:4   | Found a transporter.
 15185 | D:10     | Entered Level 10 of the Dungeon
 15448 | D:10     | Found Zosel's General Store.
 16745 | D:11     | Identified the +0 pair of gloves of Muttered Phrases
                  | {Rampage rF+++ Int-5 Dex+3}
 17108 | D:12     | Noticed Kirke
 17121 | D:12     | Killed Kirke
 17420 | D:12     | Noticed Snorg
 17427 | D:12     | Killed Snorg
 18040 | D:12     | Found a staircase to the Orcish Mines.
 18068 | D:12     | Reached skill level 15 in Armour
 18839 | D:13     | Reached skill level 17 in Fighting
 19086 | D:13     | Reached skill level 5 in Throwing
 19297 | D:14     | Found a gate to the Vaults.
 19325 | D:13     | Reached ****** piety under Trog
 19554 | D:13     | Received a gift from Trog
 19792 | D:14     | Noticed Jorgrun
 19802 | D:14     | Killed Jorgrun
 19877 | D:14     | Reached XP level 15. HP: 147/147 MP: 12/12
 20491 | D:14     | Noticed Nessos
 20829 | D:14     | Killed Nessos
 21209 | D:15     | Entered Level 15 of the Dungeon
 21591 | D:15     | Found a staircase to the Depths.
 21696 | D:15     | Identified the +4 robe of the Blind Marksman {Regen+ Dex+3}
 21718 | D:15     | Reached skill level 15 in Dodging
 21941 | D:15     | Reached skill level 18 in Fighting
 22701 | Orc:1    | Entered Level 1 of the Orcish Mines
 22779 | Orc:2    | Entered Level 2 of the Orcish Mines
 22782 | Orc:2    | Noticed Azrael
 22800 | Orc:2    | Killed Azrael
 22804 | Orc:2    | Found a staircase to the Elven Halls.
 23052 | Orc:2    | Received a gift from Trog
 23238 | Orc:2    | Found Kaduc's Armour Shoppe.
 23265 | Orc:2    | Bought the +3 pair of gauntlets of War {Slay+5} for 617
                  | gold pieces
 23265 | Orc:2    | Found the +3 pair of gauntlets of War {Slay+5}
 23696 | Orc:2    | Noticed Donald
 23712 | Orc:2    | Killed Donald
 24007 | Orc:2    | Noticed Erolcha
 24035 | Orc:2    | Killed Erolcha
 24036 | Orc:2    | Reached skill level 1 in Shields
 25180 | Orc:2    | Received a gift from Trog
 25206 | Orc:2    | Found Rilar's General Store.
 25206 | Orc:2    | Found Cymaxt's Weapon Emporium.
 25208 | Orc:2    | Found Momesk's Magic Scroll Shoppe.
 25210 | Orc:2    | Found Aseraesh's Book Boutique.
 25648 | Swamp:1  | Entered Level 1 of the Swamp
 26095 | Swamp:1  | Reached skill level 5 in Shields
 26449 | Swamp:1  | Found a runed translucent gate.
 26449 | Swamp:1  | Found a runed translucent gate.
 26449 | Swamp:1  | Found a runed translucent gate.
 26451 | Swamp:1  | Noticed Gakh's ghost (journeyman DrAr)
 26494 | Swamp:2  | Noticed Aizul
 26509 | Swamp:2  | Killed Aizul
 26510 | Swamp:2  | Reached XP level 16. HP: 159/159 MP: 13/13
 27477 | Swamp:2  | Reached skill level 19 in Fighting
 28464 | Swamp:3  | Received a gift from Trog
 28630 | Swamp:4  | Entered Level 4 of the Swamp
 29873 | Swamp:4  | Reached skill level 10 in Shields
 30327 | Swamp:4  | Got a decaying rune of Zot
 30552 | Spider:1 | Entered Level 1 of the Spider Nest
 30581 | Lair:2   | Received a gift from Trog
 31630 | Spider:1 | HP: 11/243 [tarantella (22)]
 31636 | Spider:1 | HP: 6/243 [something (4)]
 31639 | Spider:1 | Killed from afar by a jorogumo

Illustrated notes

Levels and vault maps discovered:
D:1:      dpeg_chamrin_arrival_tetris, layout_loops_ring
D:2:      layout_rooms, chequers_ecumenical_altar_grove, basic_altar
D:3:      layout_basic, due_unseen_surprise
D:4:      layout_cave_pools, lightli_temple_of_fire,
          mainiacjoe_overflow_catwalk_spiral, corexii_checkpoint_a,
          uniq_sigmund, uniq_grinder
D:5:      minmay_bubble_buster, layout_gridville, minitemple,
          minmay_temple_entry_offerings, ebering_ghost_disaster_area,
          portal_sewer_entry_d
D:6:      layout_loops_ring, nicolae_uskayaw_dance_studio,
          uniq_crazy_yiuf_cottage
D:7:      lemuel_insect_pit, layout_basic, serial_shops, shop,
          minmay_misc_feat_cross
D:8:      layout_rooms, nzn_wu_jian_council_hall, enter_ossuary_3,
          amcnicky_mini_pool_medium
D:9:      layout_long_grid, due_lair_maze_entry_diamond, uniq_psyche
D:10:     layout_loops_ring, serial_shops, nicolae_shop_statue_plus
D:11:     layout_layer_cave
D:12:     layout_loops_ring, orc_0_dummy,
          portal_ice_cave_entry_animals_and_master, uniq_kirke, uniq_snorg
D:13:     layout_roguey
D:14:     layout_long_grid, david_vaults_3, serial_glass, glass_columns_b,
          glass_columns_a, minmay_misc_feat_tower, uniq_nessos, uniq_jorgrun
D:15:     hangedman_depths_entry_try_elsewhere_first, layout_irregular_city,
          nicolae_the_louvre, serial_glass, glass_columns_a, glass_columns_a
Lair:1:   layout_cave_pods, uniq_harold, uniq_erica, uniq_gastronok, uniq_urug
Lair:2:   layout_concentric_octagons, nicolae_spider_entry_non_spiders,
          serial_bayou, serial_bayou_pond_a, serial_bayou_crossing,
          serial_bayou_shore_a, serial_bayou_pond_e, uniq_amaemon
Lair:3:   nzn_winding_woodlands_medium [nzn_winding_woodlands_5x5_default,
          nzn_winding_woodlands_5x15_parted, nzn_winding_woodlands_5x5_cross,
          nzn_winding_woodlands_5x5_default,
          nzn_winding_woodlands_center_garden,
          nzn_winding_woodlands_5x5_default,
          nzn_winding_woodlands_5x5_open_star,
          nzn_winding_woodlands_5x15_jagged, nzn_winding_woodlands_hourglass],
          layout_loops_ring, palyth_hydra_swamp_entry, beast_lair_carwin_7,
          lemuel_fruit_tree, infiniplex_staircase_pool_2
Lair:4:   gammafunk_cloud_chamber, layout_regular_city, st_stairs_5,
          minmay_lindwurm_lava
Lair:5:   evilmike_catoblepas_cave, layout_layer_cave, slime_entry_1,
          gammafunk_ghost_wrathful_warriors
Swamp:1:  layout_falls_marsh, ebering_ghost_rock_garden, serial_swamp_ruin,
          evilmike_swamp_ruin_rubble_2, evilmike_swamp_ruin_house_5,
          evilmike_swamp_ruin_house_4
Swamp:2:  layout_basic_swamp, hangedman_swamp_ruin_wall,
          infiniplex_staircase_pool, uniq_aizul
Swamp:3:  layout_basic_swamp, evilmike_swamp_ruin_house_1, swamp_pool3
Swamp:4:  swamp_icy, layout_basic_swamp, swamp_pool1,
          nicolae_swamp_fairy_circle, roderic_carrion_pond
Spider:1: nicolae_spider_obnoxious_hallway
Orc:1:    layout_caves, sword_in_stone
Orc:2:    st_orc_rangers, layout_caves, serial_shops, shop, uniq_donald,
          uniq_azrael, uniq_erolcha

Skill      XL: |  1  2  3  4  5  6  7  8  9 10 11 12 13 14 15 16 |
---------------+-------------------------------------------------+-----
Axes           | 4 5 |  5.6
Fighting       | 4 5 6 7 9 10 14 16 17 18 19 | 19.8
Polearms       | 2 4 6 7 10 13 | 13.5
Armour         | 7 11 14 15 17 18 | 18.4
Dodging        | 6 10 13 14 15 | 15.5
Throwing       | 2 6 7 |  7.0
Shields        | 5 11 | 11.6

Action                     |  1- 3 |  4- 6 |  7- 9 | 10-12 | 13-15 | 16-18 || total
---------------------------+-------+-------+-------+-------+-------+-------++-------
  Melee: Hand axe          |    67 |    43 |       |       |       |       ||   110
         Headbutt          |     5 |     9 |    22 |   101 |   291 |   129 ||   557
         Punch             |     1 |       |     2 |     7 |    19 |       ||    29
         Trident           |       |    34 |   239 |   548 |  1412 |   554 ||  2787
 Invoke: Berserk           |     1 |     3 |     2 |     8 |     7 |       ||    21
         Trog's Hand       |       |     2 |       |     4 |     3 |       ||     9
         Brothers in Arms  |       |       |       |     2 |     3 |     1 ||     6
  Evoke: Wand              |       |       |       |     2 |     4 |       ||     6
         Lightning rod     |       |       |       |       |     1 |       ||     1
    Use: Scroll            |     3 |     2 |       |    17 |     2 |     1 ||    25
         Potion            |       |     8 |       |     1 |     3 |     4 ||    16
   Stab: Petrified         |       |       |       |       |     2 |       ||     2
 Armour: Animal skin       |    10 |     9 |       |       |       |       ||    19
         Leather armour    |       |     8 |    25 |    17 |       |       ||    50
         Chain mail        |       |       |       |   158 |   411 |   287 ||   856
  Dodge: Dodged            |    40 |    44 |    62 |   131 |   509 |   247 ||  1033
  Block: Other             |       |       |    18 |    71 |   136 |       ||   225
         Reflection        |       |       |     6 |     6 |    44 |     1 ||    57
         Kite shield       |       |       |       |       |    88 |   217 ||   305

Table legend: (Time is in decaauts)
 A = Elapsed time spent in this place.
 B = Non-inter-level travel time spent in this place.
 C = Inter-level travel time spent in this place.
 D = Time resting spent in this place.
 E = Time spent auto-exploring this place.
 F = Levels seen in this place.
 G = Mean time per level.
                   A        B        C        D        E       F      G
               +--------+--------+--------+--------+--------+-----+--------+
         Total |  31176 |  29543 |   1633 |   4531 |  19522 |  29 | 1075.0 |
       Dungeon |  15183 |  14207 |    976 |   1181 |  10503 |  15 | 1012.2 |
          Lair |   7644 |   7230 |    414 |   1675 |   4329 |   5 | 1528.8 |
         Swamp |   4822 |   4621 |    201 |    686 |   3070 |   4 | 1205.5 |
   Spider Nest |    557 |    557 |      0 |    162 |    212 |   1 |  557.0 |
  Orcish Mines |   2637 |   2597 |     40 |    826 |   1225 |   2 | 1318.5 |
         Sewer |    219 |    219 |      0 |      0 |    116 |   1 |  219.0 |
       Ossuary |    112 |    112 |      0 |      0 |     65 |   1 |  112.0 |
               +--------+--------+--------+--------+--------+-----+--------+

Top non-repeatable levels by time:
  Lair:3: 2070 daAuts
  Lair:2: 2053 daAuts
 Swamp:4: 1777 daAuts
   Orc:2: 1622 daAuts
    D:13: 1532 daAuts
    D:15: 1374 daAuts
  Lair:5: 1326 daAuts
    D:12: 1315 daAuts
     D:3: 1249 daAuts
    D:11: 1231 daAuts
  Lair:1: 1198 daAuts
 Swamp:2: 1180 daAuts
    D:14: 1175 daAuts
     D:5: 1025 daAuts
 Swamp:3: 1017 daAuts
